MLB
LOS ANGELES DODGERS @ CHICAGO CUBS
08/18/2020
 
TOP OF THE 1ST
Los Angeles Dodgers batting - Pitching for Chicago Cubs : RHP Brent Honeywell Jr.
Pitching: RHP Brent Honeywell Jr.
Batting: RHB Jose Peraza 0-0: SOLO HOME RUN (Flyball, 78XD, EV 105.6 MPH), Distance : 408 ft
Batting: LHB Ji-man Choi 0-0: Called Strike
0-1: Swinging Strike
0-2: Fly out, F8 (Flyball, 78XD, EV 103.8 MPH)
Batting: LHB Michael Brantley 0-0: Ball
1-0: Called Strike
1-1: Ball
2-1: SINGLE (Groundball, 34D, EV 95.0 MPH)
Batting: SHB Eduardo Escobar 0-0: Ball
1-0: Called Strike
1-1: Ball
2-1: Foul Ball, location: 2F
2-2: Ball
3-2: Foul Ball, location: 2F
3-2: Fielders Choice at 2nd, 2-4 (Groundball, 2L, EV 70.6 MPH)
Batting: RHB Jonathan Schoop 0-0: Swinging Strike
0-1: Called Strike
0-2: Ball
1-2: Ball
2-2: Foul Ball, location: 2F
2-2: SINGLE (Groundball, 6D, EV 106.3 MPH)
Eduardo Escobar to second
Batting: RHB Randal Grichuk 0-0: Called Strike
0-1: Swinging Strike
0-2: Ball
1-2: Strikes out looking
Top of the 1st over - 1 run, 3 hits, 0 errors, 2 left on base; Los Angeles 1 - Chicago 0
BOTTOM OF THE 1ST
Chicago Cubs batting - Pitching for Los Angeles Dodgers : RHP Mike Foltynewicz
Pitching: RHP Mike Foltynewicz
Batting: RHB Michael A. Taylor 0-0: SINGLE (Line Drive, 4D, EV 99.4 MPH)
Batting: RHB Lourdes Gurriel Jr. 0-0: Called Strike
0-1: Called Strike
0-2: Foul Ball, location: 2F
0-2: Ball
Wild Pitch!
Michael A. Taylor to second
1-2: Ground out 6-3 (Groundball, 6, EV 100.6 MPH)
Batting: LHB Cody Bellinger 0-0: Swinging Strike
0-1: Called Strike
0-2: Foul Ball, location: 2F
0-2: Ball
1-2: Ground out U3 (Groundball, 3, EV 107.5 MPH)
Michael A. Taylor to third
Batting: SHB Yoan Moncada 0-0: Called Strike
0-1: Swinging Strike
0-2: Ball
1-2: Ball
2-2: Ball
3-2: Fly out, F4 (Popup, 4M, EV 75.0 MPH)
Bottom of the 1st over - 0 runs, 1 hit, 0 errors, 1 left on base; Los Angeles 1 - Chicago 0
TOP OF THE 2ND
Los Angeles Dodgers batting - Pitching for Chicago Cubs : RHP Brent Honeywell Jr.
Batting: RHB Tyler O'Neill 0-0: Ball
1-0: Called Strike
1-1: Foul Ball, location: 2F
1-2: Strikes out swinging
Batting: LHB Dom Nunez 0-0: Ball
1-0: Foul Ball, location: 2F
1-1: Called Strike
1-2: Ball
2-2: Foul Ball, location: 2F
2-2: Ground out 6-3 (Groundball, 6, EV 83.8 MPH)
Batting: RHB Mike Foltynewicz 0-0: Called Strike
0-1: Called Strike
0-2: Strikes out looking
Top of the 2nd over - 0 runs, 0 hits, 0 errors, 0 left on base; Los Angeles 1 - Chicago 0
BOTTOM OF THE 2ND
Chicago Cubs batting - Pitching for Los Angeles Dodgers : RHP Mike Foltynewicz
Batting: RHB Paul DeJong 0-0: Fly out, F8 (Flyball, 78D, EV 92.5 MPH)
Batting: LHB Brandon Lowe 0-0: Fly out, F9 (Flyball, 89M, EV 84.4 MPH)
Batting: RHB Hunter Dozier 0-0: Called Strike
0-1: Fly out, F8 (Flyball, 78D, EV 94.4 MPH)
Bottom of the 2nd over - 0 runs, 0 hits, 0 errors, 0 left on base; Los Angeles 1 - Chicago 0
TOP OF THE 3RD
Los Angeles Dodgers batting - Pitching for Chicago Cubs : RHP Brent Honeywell Jr.
Batting: RHB Jose Peraza 0-0: SINGLE (Groundball, 34D, EV 106.3 MPH)
Batting: LHB Ji-man Choi 0-0: Foul Ball, location: 2F
0-1: Fielders Choice at 2nd, 3-6 (Groundball, 3, EV 88.8 MPH)
Batting: LHB Michael Brantley 0-0: Ball
1-0: Ball
2-0: Ball
3-0: Fly out, F7 (Flyball, 7S, EV 96.3 MPH)
Batting: SHB Eduardo Escobar 0-0: Ball
1-0: Ball
2-0: Called Strike
2-1: Foul Ball, location: 2F
2-2: Foul Ball, location: 2F
2-2: Fly out, F4 (Popup, 34, EV 63.1 MPH)
Top of the 3rd over - 0 runs, 1 hit, 0 errors, 1 left on base; Los Angeles 1 - Chicago 0
BOTTOM OF THE 3RD
Chicago Cubs batting - Pitching for Los Angeles Dodgers : RHP Mike Foltynewicz
Batting: RHB Willson Contreras 0-0: Called Strike
0-1: Swinging Strike
0-2: Ball
1-2: Ball
2-2: Strikes out looking
Batting: RHB Brent Honeywell Jr. 0-0: Called Strike
0-1: Called Strike
0-2: Ball
1-2: Ball
2-2: Ball
3-2: Foul Ball, location: 2F
3-2: Foul Ball, location: 2F
3-2: Strikes out swinging
Batting: RHB Michael A. Taylor 0-0: Swinging Strike
0-1: Ball
1-1: Swinging Strike
1-2: Strikes out swinging
Bottom of the 3rd over - 0 runs, 0 hits, 0 errors, 0 left on base; Los Angeles 1 - Chicago 0
TOP OF THE 4TH
Los Angeles Dodgers batting - Pitching for Chicago Cubs : RHP Brent Honeywell Jr.
Batting: RHB Jonathan Schoop 0-0: Foul Ball, location: 2F
0-1: Fly out, F6 (Popup, 56, EV 56.9 MPH)
Batting: RHB Randal Grichuk 0-0: Called Strike
0-1: Foul Ball, location: 2F
0-2: Foul Ball, location: 2F
0-2: Ball
1-2: Strikes out swinging
Batting: RHB Tyler O'Neill 0-0: Ground out 3-1 (Groundball, 34S, EV 63.8 MPH)
Top of the 4th over - 0 runs, 0 hits, 0 errors, 0 left on base; Los Angeles 1 - Chicago 0
BOTTOM OF THE 4TH
Chicago Cubs batting - Pitching for Los Angeles Dodgers : RHP Mike Foltynewicz
Batting: RHB Lourdes Gurriel Jr. 0-0: Ball
1-0: DOUBLE (Line Drive, 7LM, EV 107.5 MPH)
Batting: LHB Cody Bellinger 0-0: Swinging Strike
0-1: Foul Ball, location: 2F
0-2: Strikes out looking
Batting: SHB Yoan Moncada 0-0: Ground out U3 (Groundball, 34, EV 76.9 MPH)
Lourdes Gurriel Jr. to third
Batting: RHB Paul DeJong 0-0: Called Strike
0-1: Called Strike
0-2: Ball
1-2: Ball
2-2: Ball
3-2: Base on Balls
Batting: LHB Brandon Lowe 0-0: Called Strike
0-1: Called Strike
0-2: Ball
1-2: Strikes out looking
Bottom of the 4th over - 0 runs, 1 hit, 0 errors, 2 left on base; Los Angeles 1 - Chicago 0
TOP OF THE 5TH
Los Angeles Dodgers batting - Pitching for Chicago Cubs : RHP Brent Honeywell Jr.
Batting: LHB Dom Nunez 0-0: Ball
1-0: Ball
2-0: Ball
3-0: Base on Balls
Batting: RHB Mike Foltynewicz 0-0: Sac Bunt to 15S - play at second, runner OUT! 1-6
Batting: RHB Jose Peraza 0-0: Foul Ball, location: 2F
0-1: Called Strike
0-2: Ball
1-2: Strikes out swinging
Batting: LHB Ji-man Choi 0-0: Ball
1-0: Ball
2-0: Foul Ball, location: 2F
2-1: Foul Ball, location: 2F
2-2: DOUBLE (Line Drive, 78D, EV 107.5 MPH)
Mike Foltynewicz to third
Runner from 3rd tries for Home, SAFE, throw by LF to home
Batting: LHB Michael Brantley 0-0: Foul Ball, location: 2F
0-1: Foul Ball, location: 2F
0-2: Fly out, F8 (Line Drive, 8RM, EV 94.4 MPH)
Top of the 5th over - 1 run, 1 hit, 0 errors, 1 left on base; Los Angeles 2 - Chicago 0
BOTTOM OF THE 5TH
Chicago Cubs batting - Pitching for Los Angeles Dodgers : RHP Mike Foltynewicz
Batting: RHB Hunter Dozier 0-0: Ball
1-0: Foul Ball, location: 2F
1-1: Ball
2-1: Foul Ball, location: 2F
2-2: Foul Ball, location: 2F
2-2: Foul Ball, location: 2F
2-2: Strikes out swinging
Batting: RHB Willson Contreras 0-0: Ball
1-0: Called Strike
1-1: Foul Ball, location: 2F
1-2: Ball
2-2: Foul Ball, location: 2F
2-2: SINGLE (Groundball, 6D, EV 96.3 MPH)
Pinch Hitting: SHB Jeimer Candelario 0-0: Ball
1-0: Foul Ball, location: 2F
1-1: Foul Ball, location: 2F
1-2: SINGLE (Line Drive, 9S, EV 96.9 MPH)
Willson Contreras to second
Batting: RHB Michael A. Taylor 0-0: Ball
1-0: Called Strike
1-1: Ball
2-1: 3-RUN HOME RUN (Flyball, 78XD, EV 100.0 MPH), Distance : 424 ft
Batting: RHB Lourdes Gurriel Jr. 0-0: Fly out, F7 (Flyball, 7LM, EV 91.3 MPH)
Batting: LHB Cody Bellinger 0-0: Called Strike
0-1: Foul Ball, location: 2F
0-2: Ball
1-2: Strikes out looking
Bottom of the 5th over - 3 runs, 3 hits, 0 errors, 0 left on base; Los Angeles 2 - Chicago 3
TOP OF THE 6TH
Los Angeles Dodgers batting - Pitching for Chicago Cubs : RHP Brent Honeywell Jr.
Pitching: RHP Logan Cozart
Batting: SHB Eduardo Escobar 0-0: Ball
1-0: Ball
2-0: Called Strike
2-1: SINGLE (Line Drive, 9S, EV 86.9 MPH)
Batting: RHB Jonathan Schoop 0-0: Foul Ball, location: 2F
0-1: Swinging Strike
0-2: Foul Ball, location: 2F
0-2: Ball
1-2: Ball
2-2: SINGLE (Line Drive, 7LS, EV 90.6 MPH)
Eduardo Escobar to second
Batting: RHB Randal Grichuk 0-0: Ball
1-0: Ball
2-0: Ball
3-0: Called Strike
3-1: Swinging Strike
3-2: Foul Ball, location: 2F
3-2: Foul Ball, location: 2F
3-2: SINGLE (Groundball, 56D, EV 95.6 MPH)
Eduardo Escobar to third
Jonathan Schoop to second
Runner from 3rd tries for Home, SAFE, throw by LF to home
Batting: RHB Tyler O'Neill 0-0: Called Strike
0-1: Foul Ball, location: 2F
0-2: SINGLE (Line Drive, 89S, EV 94.4 MPH)
Jonathan Schoop to third
Randal Grichuk to second
Runner from 3rd tries for Home, SAFE, throw by RF to home
Batting: LHB Dom Nunez 0-0: Grounds into double play, 4-6-3 (Groundball, 4, EV 85.6 MPH)
Randal Grichuk to third
Batting: RHB Mike Foltynewicz 0-0: Ball
1-0: Foul Ball, location: 2F
1-1: Ball
2-1: Called Strike
2-2: Strikes out swinging
Top of the 6th over - 2 runs, 4 hits, 0 errors, 1 left on base; Los Angeles 4 - Chicago 3
BOTTOM OF THE 6TH
Chicago Cubs batting - Pitching for Los Angeles Dodgers : RHP Mike Foltynewicz
Batting: SHB Yoan Moncada 0-0: Swinging Strike
0-1: Ball
1-1: Ball
2-1: Fly out, F4 (Popup, 4, EV 74.4 MPH)
Batting: RHB Paul DeJong 0-0: Ball
1-0: Called Strike
1-1: Ball
2-1: Called Strike
2-2: Foul Ball, location: 2F
2-2: Strikes out swinging
Batting: LHB Brandon Lowe 0-0: Ball
1-0: SINGLE (Line Drive, 89S, EV 89.4 MPH)
Batting: RHB Hunter Dozier 0-0: Ball
1-0: Foul Ball, location: 2F
1-1: Ball
2-1: Ball
3-1: Fly out, F6 (Line Drive, 6, EV 62.5 MPH)
Bottom of the 6th over - 0 runs, 1 hit, 0 errors, 1 left on base; Los Angeles 4 - Chicago 3
TOP OF THE 7TH
Los Angeles Dodgers batting - Pitching for Chicago Cubs : RHP Logan Cozart
Pitching: RHP Justin Grimm
Batting: RHB Jose Peraza 0-0: Foul Ball, location: 2F
0-1: Ball
1-1: Swinging Strike
1-2: Ball
2-2: Strikes out swinging
Batting: LHB Ji-man Choi 0-0: Foul Ball, location: 2F
0-1: Ball
1-1: Foul Ball, location: 2F
1-2: Ball
2-2: Ball
3-2: Ground out 6-3 (Groundball, 6, EV 83.1 MPH)
Batting: LHB Michael Brantley 0-0: Ball
1-0: Called Strike
1-1: Fly out, F2 (Popup, 23F, EV 83.1 MPH)
Top of the 7th over - 0 runs, 0 hits, 0 errors, 0 left on base; Los Angeles 4 - Chicago 3
BOTTOM OF THE 7TH
Chicago Cubs batting - Pitching for Los Angeles Dodgers : RHP Mike Foltynewicz
Pitching: RHP Hunter Strickland
Batting: RHB Willson Contreras 0-0: Ball
1-0: Ball
2-0: Ball
3-0: Base on Balls
Pinch Hitting: RHB Mac Williamson 0-0: Ball
1-0: Called Strike
1-1: Swinging Strike
1-2: Ball
2-2: Foul Ball, location: 2F
2-2: Strikes out swinging
Batting: RHB Michael A. Taylor 0-0: Foul Ball, location: 2F
0-1: Ball
1-1: Ball
2-1: Called Strike
2-2: Foul Ball, location: 2F
2-2: Foul Ball, location: 2F
2-2: Foul Ball, location: 2F
2-2: Foul Ball, location: 2F
2-2: Foul Ball, location: 2F
2-2: Fly out, F8 (Flyball, 89M, EV 87.5 MPH)
Batting: RHB Lourdes Gurriel Jr. 0-0: Hit by Pitch
Willson Contreras to second
Batting: LHB Cody Bellinger 0-0: Ball
1-0: Ball
2-0: Ball
3-0: Called Strike
3-1: Foul Ball, location: 2F
3-2: Strikes out swinging
Bottom of the 7th over - 0 runs, 0 hits, 0 errors, 2 left on base; Los Angeles 4 - Chicago 3
TOP OF THE 8TH
Los Angeles Dodgers batting - Pitching for Chicago Cubs : RHP Justin Grimm
Pitching: RHP Roberto Osuna
Batting: SHB Eduardo Escobar 0-0: Called Strike
0-1: Ball
1-1: Foul Ball, location: 2F
1-2: Foul Ball, location: 2F
1-2: Foul Ball, location: 2F
1-2: Ball
2-2: Fly out, F9 (Flyball, 9D, EV 91.3 MPH)
Batting: RHB Jonathan Schoop 0-0: Foul Ball, location: 2F
0-1: Foul Ball, location: 2F
0-2: Fly out, F6 (Popup, 6MS, EV 70.6 MPH)
Batting: RHB Randal Grichuk 0-0: Called Strike
0-1: Swinging Strike
0-2: Foul Ball, location: 2F
0-2: SINGLE (Line Drive, 9S, EV 91.3 MPH)
Batting: RHB Tyler O'Neill 0-0: Ball
1-0: Called Strike
1-1: Called Strike
1-2: Strikes out swinging
Top of the 8th over - 0 runs, 1 hit, 0 errors, 1 left on base; Los Angeles 4 - Chicago 3
BOTTOM OF THE 8TH
Chicago Cubs batting - Pitching for Los Angeles Dodgers : RHP Hunter Strickland
Pitching: RHP Luis A. Garcia
Batting: SHB Yoan Moncada 0-0: Ball
1-0: Ball
2-0: Called Strike
2-1: Ball
3-1: Base on Balls
Batting: RHB Paul DeJong 0-0: Ball
Pickoff Throw by Catcher to First - Out!
1-0: Called Strike
1-1: Ball
2-1: SINGLE (Groundball, 56S, EV 66.9 MPH) (infield hit)
Batting: LHB Brandon Lowe 0-0: Ball
1-0: DOUBLE (Flyball, 78XD, EV 108.1 MPH)
Paul DeJong to third
Runner from 3rd tries for Home, SAFE, throw by CF to trailing runner, OUT at third! 8-3-5
Batting: RHB Hunter Dozier 0-0: Ball
1-0: Foul Ball, location: 2F
1-1: Foul Ball, location: 2F
1-2: Strikes out swinging
Bottom of the 8th over - 1 run, 2 hits, 0 errors, 0 left on base; Los Angeles 4 - Chicago 4
TOP OF THE 9TH
Los Angeles Dodgers batting - Pitching for Chicago Cubs : RHP Roberto Osuna
Pitching: RHP Nick Burdi
Pinch Hitting: LHB Daniel Vogelbach 0-0: Called Strike
0-1: Ball
1-1: Swinging Strike
1-2: Foul Ball, location: 2F
1-2: Ball
2-2: Ball
3-2: Ground out 4-3 (Groundball, 4, EV 81.9 MPH)
Pinch Hitting: RHB Jesus Aguilar 0-0: Foul Ball, location: 2F
0-1: Ball
1-1: Ball
2-1: Ball
3-1: Called Strike
3-2: Foul Ball, location: 2F
3-2: Foul Ball, location: 2F
3-2: Strikes out swinging
Batting: RHB Jose Peraza 0-0: Called Strike
0-1: Ball
1-1: Ball
2-1: Ball
3-1: Foul Ball, location: 2F
3-2: Foul Ball, location: 2F
3-2: Base on Balls
Pitching: LHP Philip Pfeifer
Batting: LHB Ji-man Choi 0-0: Ball
1-0: Ball
2-0: Called Strike
2-1: Ball
3-1: Foul Ball, location: 2F
3-2: Foul Ball, location: 2F
3-2: Fly out, F7 (Flyball, 7D, EV 91.9 MPH)
Top of the 9th over - 0 runs, 0 hits, 0 errors, 1 left on base; Los Angeles 4 - Chicago 4
BOTTOM OF THE 9TH
Chicago Cubs batting - Pitching for Los Angeles Dodgers : RHP Luis A. Garcia
Pitching: RHP Jordan Guerrero
Now at C: Mike Zunino
Batting: RHB Willson Contreras 0-0: Called Strike
0-1: Swinging Strike
0-2: Ball
1-2: Strikes out looking
Batting: LHB Philip Pfeifer 0-0: Ball
1-0: Foul Ball, location: 2F
1-1: Ground out 6-3 (Groundball, 6, EV 87.5 MPH)
Batting: RHB Michael A. Taylor 0-0: Ball
1-0: Foul Ball, location: 2F
1-1: Foul Ball, location: 2F
1-2: Strikes out swinging
Bottom of the 9th over - 0 runs, 0 hits, 0 errors, 0 left on base; Los Angeles 4 - Chicago 4
TOP OF THE 10TH
Los Angeles Dodgers batting - Pitching for Chicago Cubs : LHP Philip Pfeifer
Batting: LHB Michael Brantley 0-0: Called Strike
0-1: Swinging Strike
0-2: Ball
1-2: SINGLE (Line Drive, 7LM, EV 103.1 MPH)
Batting: SHB Eduardo Escobar 0-0: Foul Ball, location: 2F
0-1: Foul Ball, location: 2RF, Error on foul ball, E2
0-2: Ball
1-2: Ball
2-2: Ball
3-2: Fly out, F7 (Flyball, 7, EV 85.6 MPH)
Batting: RHB Jonathan Schoop 0-0: Ball
1-0: Foul Ball, location: 2F
1-1: Foul Ball, location: 2F
1-2: Ball
2-2: Strikes out swinging
Batting: RHB Randal Grichuk 0-0: Ball
1-0: Swinging Strike
1-1: Foul Ball, location: 2F
1-2: Strikes out swinging
Top of the 10th over - 0 runs, 1 hit, 1 error, 1 left on base; Los Angeles 4 - Chicago 4
BOTTOM OF THE 10TH
Chicago Cubs batting - Pitching for Los Angeles Dodgers : RHP Jordan Guerrero
Pitching: RHP Cody Allen
Now in CF: Brett Gardner
Batting: RHB Lourdes Gurriel Jr. 0-0: Ball
1-0: Ground out 5-3 (Groundball, 56, EV 108.8 MPH)
Batting: LHB Cody Bellinger 0-0: Ball
1-0: Ball
2-0: Foul Ball, location: 2F
2-1: Swinging Strike
2-2: Strikes out swinging
Batting: SHB Yoan Moncada 0-0: Ball
1-0: SINGLE (Groundball, 34D, EV 96.3 MPH)
Batting: RHB Paul DeJong 0-0: Ball
1-0: Ball
2-0: Ball
3-0: Called Strike
3-1: Foul Ball, location: 2F
3-2: Foul Ball, location: 2F
3-2: Base on Balls
Yoan Moncada to second
Batting: LHB Brandon Lowe 0-0: Ball
1-0: Swinging Strike
1-1: Swinging Strike
1-2: Strikes out looking
Bottom of the 10th over - 0 runs, 1 hit, 0 errors, 2 left on base; Los Angeles 4 - Chicago 4
TOP OF THE 11TH
Los Angeles Dodgers batting - Pitching for Chicago Cubs : LHP Philip Pfeifer
Batting: RHB Tyler O'Neill 0-0: Called Strike
0-1: Ball
1-1: Swinging Strike
1-2: Strikes out swinging
Pitching: RHP Ross Stripling
Batting: RHB Mike Zunino 0-0: Fly out, F8 (Flyball, 8RS, EV 90.6 MPH)
Batting: LHB Brett Gardner 0-0: Called Strike
0-1: Ball
1-1: SINGLE (Flyball, 8RS, EV 90.0 MPH)
Batting: RHB Jose Peraza 0-0: Ball
1-0: Ground out U3 (Groundball, 34S, EV 85.6 MPH)
Top of the 11th over - 0 runs, 1 hit, 0 errors, 1 left on base; Los Angeles 4 - Chicago 4
BOTTOM OF THE 11TH
Chicago Cubs batting - Pitching for Los Angeles Dodgers : RHP Cody Allen
Batting: RHB Hunter Dozier 0-0: Called Strike
0-1: Ball
1-1: Fly out, F8 (Flyball, 8LD, EV 92.5 MPH)
Batting: RHB Willson Contreras 0-0: Called Strike
0-1: Ball
1-1: Foul Ball, location: 2F
1-2: Ball
2-2: Foul Ball, location: 2F
2-2: Foul Ball, location: 2F
2-2: Foul Ball, location: 2F
2-2: Foul Ball, location: 2F
2-2: Fly out, F8 (Flyball, 8LD, EV 100.6 MPH)
Batting: RHB Ross Stripling 0-0: Ball
1-0: Called Strike
1-1: Ball
2-1: Ball
3-1: Swinging Strike
3-2: Ground out 6-3 (Groundball, 6, EV 101.3 MPH)
Bottom of the 11th over - 0 runs, 0 hits, 0 errors, 0 left on base; Los Angeles 4 - Chicago 4
TOP OF THE 12TH
Los Angeles Dodgers batting - Pitching for Chicago Cubs : RHP Ross Stripling
Batting: LHB Ji-man Choi 0-0: Ball
1-0: Ball
2-0: Called Strike
2-1: Swinging Strike
2-2: Ball
3-2: Strikes out looking
Batting: LHB Michael Brantley 0-0: Called Strike
0-1: Called Strike
0-2: Fly out, F9 (Flyball, 89S, EV 91.3 MPH)
Batting: SHB Eduardo Escobar 0-0: Ball
1-0: Ball
2-0: Foul Ball, location: 2F
2-1: Ground out 2-3 (Groundball, 15S, EV 67.5 MPH)
Top of the 12th over - 0 runs, 0 hits, 0 errors, 0 left on base; Los Angeles 4 - Chicago 4
BOTTOM OF THE 12TH
Chicago Cubs batting - Pitching for Los Angeles Dodgers : RHP Cody Allen
Pitching: RHP Scott Oberg
Batting: RHB Michael A. Taylor 0-0: Ball
1-0: Called Strike
1-1: Ball
2-1: Ball
3-1: Called Strike
3-2: Base on Balls
Batting: RHB Lourdes Gurriel Jr. 0-0: Ground out 4-3 (Groundball, 34, EV 103.1 MPH)
Michael A. Taylor to second
Batting: LHB Cody Bellinger 0-0: Intentional Walk
Batting: SHB Yoan Moncada 0-0: Called Strike
0-1: Ball
1-1: SINGLE (Line Drive, 8RS, EV 91.3 MPH)
Michael A. Taylor to third
Cody Bellinger to second
Runner from 3rd tries for Home, SAFE, throw by CF to home
Bottom of the 12th over - 1 run, 1 hit, 0 errors, 0 left on base; Los Angeles 4 - Chicago 5
Wednesday, October 21st, 2020 - OOTP Baseball 21.6 Build 83